 Dungeon Crawl Stone Soup version 0.28.0-49-g6dfe1f597d (webtiles) character file.

Game seed: 7135995824338612734

5 pkoi the Insei (level 1, -3/17 HPs)
             Began as a Demigod Gladiator on May 16, 2022.
             Slain by a quokka (4 damage)
             ... on level 1 of the Dungeon.
             The game lasted 00:00:29 (412 turns).

pkoi the Insei (Demigod Gladiator)                   Turns: 412, Time: 00:00:29

Health: -3/17      AC:  4    Str: 15    XL:     1   Next: 53%
Magic:  3/3        EV: 12    Int: 10    God:
Gold:   0          SH:  0    Dex: 15    Spells: 0/0 levels left

rFire   . . .      SeeInvis .   d - +0 short sword
rCold   . . .      Faith    .   (no shield)
rNeg    . . .      Spirit   .   a - +0 leather armour
rPois   .          Reflect  .   b - +0 helmet
rElec   .          Harm     .   (no cloak)
rCorr   .          Rampage  .   (no gloves)
Will    .....                   (no boots)
Stlth   +.........              (no amulet)
HPRegen 0.05/turn               (no ring)
MPRegen 0.08/turn               (no ring)

@: no status effects
A: high MP 1, forlorn, divine attributes
a: no special abilities


You were on level 1 of the Dungeon.
You visited 1 branch of the dungeon, and saw 1 of its levels.

Inventory:

Hand Weapons
 d - a +0 short sword (weapon)
Missiles
 c - 3 throwing nets
 e - 3 boomerangs (quivered)
Armour
 a - a +0 leather armour (worn)
 b - a +0 helmet (worn)


   Skills:
 - Level 1.7 Fighting
 - Level 1.7 Throwing
 - Level 2.6 Dodging
 + Level 3.1 Unarmed Combat


You couldn't memorise any spells.
You didn't know any spells.
Your spell library contained the following spells:

 Spells                   Type           Power      Damage    Failure   Level
 Malign Gateway           Summ/Tloc      0%         N/A       100%        7
 Summon Horrible Things   Summ           0%         N/A       100%        8


Dungeon Overview and Level Annotations

Branches:
Dungeon (1/15)


Innate Abilities, Weirdness & Mutations

You have an increased reservoir of magic. (+10% MP)
You shall have no god before yourself.
Your divine heritage dramatically boosts your attributes as you level up.


Message History

A jackal is nearby!
A jackal is nearby!
A jackal is nearby!
A jackal is nearby!
A quokka comes into view.
Found a scroll labelled RIPA ORPHUITH.
The jackal barks!
You hear a bark!
A jackal comes into view.
The jackal barks!
The jackal closely misses you. The jackal bites you.
* * * LOW HITPOINT WARNING * * *
The jackal barely misses you. The quokka bites you.
* * * LOW HITPOINT WARNING * * *
You hit the quokka but do no damage. The quokka bites you.
* * * LOW HITPOINT WARNING * * *
The quokka bites you.
* * * LOW HITPOINT WARNING * * *
You closely miss the quokka. The quokka bites you.
* * * LOW HITPOINT WARNING * * *
You barely miss the quokka. The quokka closely misses you.
You closely miss the quokka. The quokka barely misses you.
The quokka bites you.
* * * LOW HITPOINT WARNING * * *
You hit the quokka but do no damage. The quokka completely misses you.
Unknown command.
You aren't carrying any scrolls.
You don't know any spells.
You aren't carrying any scrolls.
You aren't carrying any potions.
You aren't carrying any items that you can evoke.
Throw: 3 boomerangs
Press: ? - help, Q - select action, (/) - cycle Shift-Dir - straight line, f - quokka
Aim: a quokka (46% to hit)
You throw a boomerang.
The boomerang closely misses the quokka.
The boomerang barely misses the jackal.
The boomerang hits the jackal but does no damage.
The quokka bites you.
You die...

######### ....#.......#
....#.#####.#########
.......####.........####
.......................#
......##.##.#..####.##.#####
...>.##.###.#..####.#......#
.....#.## #.....@rhh.†)....#
.#.#..## ###..####.#......#
.....## #..# #.##.#......
.....# #######.#
#....#..####
....(###.....#.# ##...# .#
.......#.....#.........# .#
.....#.'..<..+.#####...# .
##.#####.....### ...... ##
#. #.....# ..?....


You could see a quokka and 2 jackals.

Vanquished Creatures
  An endoplasm (D:1)
  A goblin (D:1)
  A kobold (D:1)
  2 rats (D:1)
5 creatures vanquished.

Notes
Turn   | Place    | Note
-------+----------+-------------------------------------------
     0 | D:1      | pkoi the Demigod Gladiator began the quest for the Orb.
     0 | D:1      | Reached XP level 1. HP: 17/17 MP: 3/3
   388 | D:1      | Reached skill level 3 in Unarmed Combat
   412 | D:1      | Slain by a quokka

Illustrated notes

Levels and vault maps discovered:
D:1:      minmay_arrival_checkered_box, layout_loops_ring,
          shapermc_ecumenical_altar_petra, bh_walls_and_bars

Skill      XL: |  1 |
---------------+----+-----
Unarmed Combat | 3 |  3.1
Fighting       | |  1.7
Throwing       | |  1.7
Dodging        | |  2.6

Action                   || total
-------------------------++-------
Melee: Short sword       ||    10
       Unarmed           ||     9
Throw: Boomerang         ||     1
Armor: Leather armour    ||     2
Dodge: Dodged            ||     8
